[Event "Charlotte IM-B MLK 2022"]
[Site "Charlotte"]
[Date "2022.01.14"]
[Round "1.1"]
[White "Wu, Rochelle"]
[Black "Lima Martinez, Alejandro"]
[Result "1-0"]
[ECO "A58"]
[WhiteElo "2176"]
[BlackElo "2078"]
[Annotator "NA"]
[PlyCount "59"]
[EventDate "2022.01.13"]
[EventType "tourn"]
[EventCountry "USA"]
[SourceTitle "playchess.com"]
[Source "ChessBase"]
[SourceQuality "1"]
[TimeControl "5400+30"]

1. d4 Nf6 2. c4 c5 3. d5 b5 4. cxb5 a6 5. bxa6 g6 6. Nc3 Qa5 7. a7 Na6 8. Bd2 Nb4 9. a3 Qxa7 10. e4 Na6 11. e5 Ng8 12. Bc4 Bg7 13. Qe2 Nh6 14. Nf3 O-O 15. O-O Nf5 16. Nb5 Qb6 17. Bc3 Nc7 18. Nxc7 Qxc7 19. Rac1 Qb6 20. Rfd1 h5 21. Bd3 e6 22. Bxf5 exf5 23. Qe3 Re8 24. Qf4 Qb3 25. e6 dxe6 26. Bxg7 Kxg7 27. Qe5+ Kg8 28. d6 Bd7 29. Qf6 Rac8 30. Ne5 1-0

[Event "Charlotte IM-B MLK 2022"]
[Site "Charlotte"]
[Date "2022.01.14"]
[Round "1.2"]
[White "Oberoi, Shelev"]
[Black "Amburgy, Ryan"]
[Result "1/2-1/2"]
[ECO "C45"]
[WhiteElo "2268"]
[BlackElo "2135"]
[Annotator "ChessBase"]
[PlyCount "152"]
[EventDate "2022.01.13"]
[EventType "tourn"]
[EventCountry "USA"]
[SourceTitle "playchess.com"]
[Source "ChessBase"]
[SourceQuality "1"]
[TimeControl "5400+30"]

1. e4 e5 2. Nf3 Nc6 3. d4 exd4 4. Nxd4 Bc5 5. Nxc6 Qf6 6. Qf3 bxc6 7. Nd2 d6 8. Bc4 Qxf3 9. gxf3 Ne7 10. a4 d5 11. Bd3 Rb8 12. Nb3 Bb4+ 13. Bd2 O-O 14. O-O-O f5 15. exd5 Bxd2+ 16. Rxd2 cxd5 17. Re1 Ng6 18. Bb5 Rb6 19. Na5 Rd6 20. c4 dxc4 21. Rxd6 cxd6 22. Nxc4 d5 23. Nd6 Rd8 24. Re8+ Rxe8 25. Bxe8 Ne7 26. Bf7+ Kf8 27. Bxd5 Bd7 28. Bb3 Nc6 29. Nb5 Ke7 30. Kd2 a5 31. Ke3 Ne5 32. Nc3 Kd6 33. h3 Kc5 34. Nb1 Kb4 35. Nd2 Ng6 36. f4 Bxa4 37. Be6 Bc2 38. Nf3 Ne7 39. Nd4 Bb1 40. f3 a4 41. Kd2 g6 42. h4 Kc5 43. Ne2 Nc6 44. Bg8 h6 45. Nc3 Nd4 46. Nxb1 Nxf3+ 47. Kd3 Nxh4 48. Nc3 Kb4 49. Bd5 g5 50. fxg5 hxg5 51. Be6 f4 52. Ke4 Ng2 53. Bd7 a3 54. Nd5+ Kb3 55. bxa3 Kxa3 56. Nf6 Ne3 57. Nh7 Kb4 58. Nxg5 Nc4 59. Be6 Kc5 60. Nf3 Nd6+ 61. Kxf4 Nc4 62. Ng5 Nd6 63. Ke5 Nc4+ 64. Ke4 Nb6 65. Kd3 Kd6 66. Kd4 Nd7 67. Bc4 Ke7 68. Ne4 Nf6 69. Ng3 Nd7 70. Bb3 Kf6 71. Ba4 Ne5 72. Kd5 Ng4 73. Bd7 Ne3+ 74. Ke4 Nc4 75. Kd5 Nb6+ 76. Kc6 Nxd7 1/2-1/2

[Event "Charlotte IM-B MLK 2022"]
[Site "Charlotte"]
[Date "2022.01.14"]
[Round "1.3"]
[White "Chen, Ryo"]
[Black "Shen, Christopher"]
[Result "1/2-1/2"]
[ECO "C77"]
[WhiteElo "2294"]
[BlackElo "2335"]
[Annotator "ChessBase"]
[PlyCount "153"]
[EventDate "2022.01.13"]
[EventType "tourn"]
[EventCountry "USA"]
[SourceTitle "playchess.com"]
[Source "ChessBase"]
[SourceQuality "1"]
[TimeControl "5400+30"]

1. e4 e5 2. Nf3 Nc6 3. Bb5 a6 4. Ba4 Nf6 5. d3 d6 6. c3 g6 7. O-O Bg7 8. Nbd2 O-O 9. Re1 h6 10. Nf1 b5 11. Bc2 d5 12. a4 Be6 13. Bd2 dxe4 14. dxe4 Nh5 15. b4 Nf4 16. axb5 axb5 17. Rxa8 Qxa8 18. g3 Nh5 19. Bd3 Qb7 20. Qe2 Na7 21. Be3 c6 22. c4 bxc4 23. Bxc4 Re8 24. Bxe6 Rxe6 25. Qd2 Nb5 26. Bc5 Nf6 27. Rd1 Kh7 28. Qd3 Qa6 29. Ne3 Qa3 30. Qxa3 Nxa3 31. Nd2 Nb5 32. f3 Nc3 33. Ra1 Nd7 34. Ra3 Nb5 35. Rd3 Nxc5 36. bxc5 Bf8 37. Nb3 Nd4 38. Nxd4 exd4 39. Rxd4 Bxc5 40. Rd3 f5 41. Rd7+ Kg8 42. Kf2 g5 43. Ke2 fxe4 44. Nf5 exf3+ 45. Kxf3 Bf8 46. g4 c5 47. Rc7 Rb6 48. h4 Rb3+ 49. Ke4 Rb4+ 50. Kf3 Rf4+ 51. Ke2 gxh4 52. Nxh4 Rxg4 53. Nf5 Rg5 54. Nh4 h5 55. Kf3 Bd6 56. Rc6 Bg3 57. Ng2 h4 58. Ne3 h3 59. Rh6 h2 60. Nf1 Be5 61. Nxh2 Kg7 62. Rh4 Kf7 63. Ng4 Bd4 64. Ne3 Ke6 65. Nc2 Be5 66. Rh6+ Kd5 67. Rh4 Rg3+ 68. Ke2 Rb3 69. Ne3+ Kc6 70. Re4 Bd4 71. Nc2 Kd5 72. Nxd4 cxd4 73. Re8 Rc3 74. Rd8+ Kc4 75. Rc8+ Kb3 76. Rd8 d3+ 77. Rxd3 1/2-1/2

[Event "Charlotte IM-B MLK 2022"]
[Site "Charlotte"]
[Date "2022.01.15"]
[Round "4.1"]
[White "Lima Martinez, Alejandro"]
[Black "Matros, Alexander"]
[Result "1/2-1/2"]
[ECO "A26"]
[WhiteElo "2078"]
[BlackElo "2361"]
[Annotator "ChessBase"]
[PlyCount "33"]
[EventDate "2022.01.13"]
[EventType "tourn"]
[EventCountry "USA"]
[SourceTitle "playchess.com"]
[Source "ChessBase"]
[SourceQuality "1"]
[TimeControl "5400+30"]

1. c4 Nf6 2. Nc3 g6 3. g3 Bg7 4. Bg2 O-O 5. e4 d6 6. Nge2 e5 7. O-O Nc6 8. d3 a6 9. h3 Nd4 10. f4 Rb8 11. a4 Nd7 12. Rb1 a5 13. f5 Nc5 14. g4 c6 15. Be3 Bd7 16. Ng3 Bf6 17. Nce2 1/2-1/2

[Event "Charlotte IM-B MLK 2022"]
[Site "Charlotte"]
[Date "2022.01.15"]
[Round "4.3"]
[White "Amburgy, Ryan"]
[Black "Kanli, Alperen"]
[Result "0-1"]
[ECO "D27"]
[WhiteElo "2135"]
[BlackElo "2055"]
[Annotator "ChessBase"]
[PlyCount "102"]
[EventDate "2022.01.13"]
[EventType "tourn"]
[EventCountry "USA"]
[SourceTitle "playchess.com"]
[Source "ChessBase"]
[SourceQuality "1"]
[TimeControl "5400+30"]

1. Nf3 d5 2. e3 Nf6 3. c4 dxc4 4. Bxc4 e6 5. O-O a6 6. b3 b5 7. Be2 Bb7 8. Bb2 Nbd7 9. a4 b4 10. d4 c5 11. Nbd2 Be7 12. Rc1 Rc8 13. Bd3 cxd4 14. Rxc8 Qxc8 15. Bxd4 O-O 16. Nc4 Rd8 17. Qe2 Nc5 18. Bc2 Nfe4 19. Nfe5 f6 20. Nb6 Qc7 21. Nec4 e5 22. Bb2 Nc3 23. Bxc3 bxc3 24. b4 Ne4 25. Qg4 Nd2 26. Rd1 e4 27. Qe6+ Kh8 28. Na5 Bxb4 29. Nxb7 Qxb7 30. Nc4 Qc8 31. Qxc8 Rxc8 32. Nxd2 cxd2 33. Bxe4 Rc1 34. Bf3 Kg8 35. Kf1 Kf7 36. Bd5+ Ke7 37. Ke2 Kd6 38. Bb7 a5 39. Be4 g6 40. Bd3 Bc3 41. h4 Kc5 42. g4 Kb4 43. Bb5 Kc5 44. Be8 Kd5 45. Bf7+ Ke5 46. f4+ Ke4 47. Be8 Bb4 48. f5 gxf5 49. gxf5 Rc3 50. Rf1 Rxe3+ 51. Kf2 Rf3+ 0-1

[Event "Charlotte IM-B MLK 2022"]
[Site "Charlotte"]
[Date "2022.01.15"]
[Round "4.5"]
[White "Oberoi, Shelev"]
[Black "Chen, Ryo"]
[Result "0-1"]
[ECO "B06"]
[WhiteElo "2268"]
[BlackElo "2294"]
[Annotator "ChessBase"]
[PlyCount "120"]
[EventDate "2022.01.13"]
[EventType "tourn"]
[EventCountry "USA"]
[SourceTitle "playchess.com"]
[Source "ChessBase"]
[SourceQuality "1"]
[TimeControl "5400+30"]

1. e4 c5 2. c3 d5 3. exd5 Qxd5 4. d4 g6 5. Nf3 Bg7 6. Na3 cxd4 7. Nb5 Na6 8. Nbxd4 Nf6 9. Bb5+ Bd7 10. Bxa6 bxa6 11. O-O e6 12. Re1 O-O 13. Ne5 Rfc8 14. h3 Qb7 15. Bg5 Be8 16. Qe2 Nd7 17. Nef3 e5 18. Nb3 f6 19. Be3 Qb5 20. Rad1 Nb6 21. Qxb5 Bxb5 22. Na5 Bf8 23. Rd2 Nc4 24. Nxc4 Bxc4 25. g4 g5 26. Ra1 Be6 27. Nh2 h5 28. f3 h4 29. Nf1 a5 30. Rd3 Rab8 31. b3 a4 32. c4 Bc5 33. Bxc5 Rxc5 34. Rd6 Kf7 35. Nd2 Rc7 36. Kf2 Ke7 37. Ra6 Bd7 38. Ke3 Bc6 39. Rc1 Rd8 40. Rc2 Rd6 41. Nb1 Be4 42. fxe4 axb3 43. axb3 Rxa6 44. Nc3 Rb7 45. Nd5+ Kd7 46. Rc3 Ra3 47. Nxf6+ Ke6 48. Nd5 Rbxb3 49. Rxb3 Rxb3+ 50. Kf2 a5 51. c5 Kd7 52. Ne3 Rxe3 53. Kxe3 Kc6 54. Ke2 Kxc5 55. Kd3 Kb4 56. Kc2 Kc4 57. Kb2 Kd4 58. Ka3 Kxe4 59. Ka4 Kd3 60. Kxa5 e4 0-1

[Event "Charlotte IM-B MLK 2022"]
[Site "Charlotte"]
[Date "2022.01.17"]
[Round "7.5"]
[White "Shen, Christopher"]
[Black "Amburgy, Ryan"]
[Result "1-0"]
[ECO "E00"]
[WhiteElo "2335"]
[BlackElo "2135"]
[Annotator "RC"]
[PlyCount "77"]
[EventDate "2022.01.13"]
[EventType "tourn"]
[EventCountry "USA"]
[SourceTitle "playchess.com"]
[Source "ChessBase"]
[SourceQuality "1"]
[TimeControl "5400+30"]

1. d4 Nf6 2. c4 e6 3. Bg5 Bb4+ 4. Nd2 h6 5. Bh4 b6 6. a3 Bxd2+ 7. Qxd2 Bb7 8. Nf3 d5 9. cxd5 Bxd5 10. e3 Nbd7 11. Bd3 O-O 12. Qe2 g5 13. Bg3 Be4 14. O-O Bxd3 15. Qxd3 Nh5 16. Rac1 Nxg3 17. hxg3 c5 18. Rfd1 Qe7 19. dxc5 Nxc5 20. Qc2 Qb7 21. Rd4 Rac8 22. Rc4 Rcd8 23. b4 Na6 24. Ne5 Rd5 25. Ng4 Kg7 26. e4 Rdd8 27. Qc3+ f6 28. e5 f5 29. Nf6 Qe7 30. Rc6 Qb7 31. Rxe6 Rc8 32. Qe3 Rfd8 33. Rxc8 Qxc8 34. Re7+ Kg6 35. Qb3 Rf8 36. Nd7 g4 37. Nxf8+ Qxf8 38. Qe6+ Kg5 39. Rf7 1-0